 Dungeon Sprint DCSS version 0.20-a0-842-g939b552 (webtiles) character file.

338 Musica the Arsonist (level 6, -1/32 HPs)
             Began as a Deep Elf Fire Elementalist on Mar 9, 2017.
             Was an Elder of Sif Muna.
             Slain by a shadow wraith (16 damage)
             ... in the Dungeon (Sprint VII: "The Pits").
             The game lasted 00:05:28 (1361 turns).

Musica the Arsonist (Deep Elf Fire Elementalist)    Turns: 1361, Time: 00:05:29

Health: -1/32      AC:  2    Str:  5    XL:     6   Next: 29%
Magic:  12/20      EV: 13    Int: 21    God:    Sif Muna [****..]
Gold:   0          SH:  0    Dex: 16    Spells: 10/23 levels left

rFire    . . .     SeeInvis .   q - +0 trident (venom)
rCold    . . .     Gourm    .   a - +0 robe
rNeg     . . .     Faith    .   (no shield)
rPois    .         Spirit   .   (no helmet)
rElec    .         Reflect  .   (no cloak)
rCorr    .         Harm     .   (no gloves)
MR       .....     NoTele   +   (no boots)
Stlth    ++........             (no amulet)
Regen    0.1/turn               (no ring)
MPRegen  0.2/turn               (no ring)

@: slowed, very slow
A: no striking features
a: Divine Energy, Channel Magic, Forget Spell, Renounce Religion


You were in the Dungeon.
You worshipped Sif Muna.
Sif Muna was greatly pleased with you.
You were not hungry.

You visited 1 branch

Inventory:

Hand Weapons
 q - a +0 trident of venom (weapon)
 r - a +2 quarterstaff of protection
 s - a +2 dagger of draining
Armour
 a - a +0 robe (worn)
Magical Staves
 p - an uncursed staff of energy
Scrolls
 i - a scroll of blinking
 k - 3 scrolls of remove curse
 l - 5 scrolls of amnesia
 m - a scroll of summoning
Potions
 d - 6 potions of curing
 e - 4 potions of heal wounds
 f - a potion of haste
 g - 4 potions of magic
 h - 3 potions of berserk rage
 j - 2 potions of invisibility
Books
 b - a book of Flames

   Spells                             Type                      Level
   a - Flame Tongue                   Conjuration/Fire             1
   b - Throw Flame                    Conjuration/Fire             2
   c - Conjure Flame                  Conjuration/Fire             3
   d - Inner Flame                    Hexes/Fire                   3
   e - Sticky Flame                   Conjuration/Fire             4
   f - Fireball                       Conjuration/Fire             5
Comestibles
 c - 8 bread rations
 n - 39 fruits
 o - 7 meat rations
 t - a chunk of flesh


   Skills:
 - Level 2.4 Dodging
 - Level 2.4 Stealth
 + Level 9.3 Spellcasting
 * Level 7.0 Conjurations
 + Level 11.0 Fire Magic


You had 10 spell levels left.
You knew the following spells:

 Your Spells              Type           Power        Failure   Level  Hunger
a - Flame Tongue          Conj/Fire      #####        1%          1    None
b - Conjure Flame         Conj/Fire      #####...     1%          3    None
c - Sticky Flame          Conj/Fire      #####...     1%          4    ##.....
d - Fireball              Conj/Fire      #####.....   6%          5    #####..


Dungeon Overview and Level Annotations

Branches:
Dungeon (1/1)

Altars:
Ashenzari
Cheibriados
Dithmenos
Elyvilon
Fedhas
Gozag
Hepliaklqana
Kikubaaqudgha
Makhleb
Nemelex Xobeh
Okawaru
Qazlal
Ru
Sif Muna
Trog
Uskayaw
Vehumet
Wu Jian
Xom
Yredelemnul
Zin
The Shining One
Beogh
Jiyva
Lugonu


Message History

You closely miss something. Something hits you. Something drains your vigour!
You feel yourself slow down.
You hit something. Something hits you! x2
* * * LOW HITPOINT WARNING * * *
Something drains your vigour!
You feel as though you will be slow longer.
Casting: Fireball
Confirm with . or Enter, or press ? or * to list all spells.
Okay, then.
You feel much better. Something hits you. Something drains your vigour!
You feel as though you will be slow longer.
Something hits you! Something drains your vigour!
You feel as though you will be slow longer.
Casting: Fireball
Confirm with . or Enter, or press ? or * to list all spells.
Aiming: Sticky Flame
Press: ? - help, Shift-Dir - straight line The sticky flame hits something.
Something hits you!
Ouch! That really hurt!
You die...

#.#..[.))..##.......#
#'###########.......#
#.......# #########
#..#.#..# #)##.##.#
#.......#+#
#.##.##.#.+
#..#.#..#'#
#.......'@#
###########


There were no monsters in sight!

Vanquished Creatures
  A water moccasin (D)
  An ice beast (D)
  2 orc wizards (D)
  2 worker ants (D)
  An ooze (D)
  A worm (D)
  8 orcs (D)
  A bat zombie (D)
  A goblin (D)
  2 quokkas (D)
  A rat (D)
21 creatures vanquished.

Notes
Turn   | Place    | Note
-------+----------+-------------------------------------------
     0 | D        | Musica the Deep Elf Fire Elementalist began the quest for the Orb.
     0 | D        | Reached XP level 1. HP: 10/10 MP: 6/6
    11 | D        | Noticed a worker ant
    15 | D        | Killed a worker ant
    15 | D        | Reached skill level 5 in Fire Magic
    15 | D        | Reached XP level 2. HP: 6/15 MP: 2/9
    21 | D        | Found a bloodstained altar of Trog.
    21 | D        | Found a deep blue altar of Sif Muna.
    21 | D        | Found a viscous altar of Jiyva.
    21 | D        | Found a hazy altar of Hepliaklqana.
    21 | D        | Found an opulent altar of Gozag.
    22 | D        | Found a glowing golden altar of the Shining One.
    22 | D        | Found a glowing silver altar of Zin.
    22 | D        | Found a basalt altar of Yredelemnul.
    22 | D        | Found a shimmering altar of Xom.
    22 | D        | Found an ornate altar of the Wu Jian Council.
    22 | D        | Found a sacrificial altar of Ru.
    22 | D        | Found a stormy altar of Qazlal.
    22 | D        | Found an iron altar of Okawaru.
    22 | D        | Found a sparkling altar of Nemelex Xobeh.
    22 | D        | Found a burning altar of Makhleb.
    22 | D        | Found a blossoming altar of Fedhas.
    22 | D        | Found a white marble altar of Elyvilon.
    22 | D        | Found a shadowy altar of Dithmenos.
    22 | D        | Found a snail-covered altar of Cheibriados.
    25 | D        | Found a corrupted altar of Lugonu.
    25 | D        | Found a radiant altar of Vehumet.
    25 | D        | Found a roughly hewn altar of Beogh.
    26 | D        | Found an ancient bone altar of Kikubaaqudgha.
    26 | D        | Found a hide-covered altar of Uskayaw.
    26 | D        | Found a shattered altar of Ashenzari.
    41 | D        | Became a worshipper of Sif Muna the Loreminder
   388 | D        | Reached skill level 6 in Fire Magic
   388 | D        | Reached XP level 3. HP: 19/19 MP: 8/11
   394 | D        | Learned a level 3 spell: Conjure Flame
   627 | D        | Reached * piety under Sif Muna
   638 | D        | Reached skill level 5 in Spellcasting
   638 | D        | Reached skill level 7 in Fire Magic
   638 | D        | Reached XP level 4. HP: 24/24 MP: 0/13
   640 | D        | Reached ** piety under Sif Muna
   893 | D        | Noticed a water moccasin
   911 | D        | Killed a water moccasin
   911 | D        | Reached *** piety under Sif Muna
   911 | D        | Reached skill level 5 in Conjurations
   911 | D        | Reached skill level 9 in Fire Magic
   911 | D        | Reached XP level 5. HP: 28/28 MP: 2/17
  1111 | D        | Learned a level 4 spell: Sticky Flame
  1117 | D        | Learned a level 5 spell: Fireball
  1122 | D        | Noticed an ice beast
  1134 | D        | Killed an ice beast
  1134 | D        | Reached **** piety under Sif Muna
  1134 | D        | Reached skill level 10 in Fire Magic
  1134 | D        | Reached XP level 6. HP: 31/32 MP: 10/20
  1353 | D        | Reached skill level 11 in Fire Magic
  1361 | D        | Slain by a shadow wraith

Vault maps used:
D:        pitsprint

Skill      XL: |  1  2  3  4  5  6 |
---------------+-------------------+-----
Spellcasting   | 4 5 7 9 |  9.3
Conjurations   | 2 3 4 5 6 7 |  7.0
Fire Magic     | 5 6 7 9 10 11 | 11.0
Dodging        | |  2.4
Stealth        | |  2.4

Action                   |  1- 3 |  4- 6 || total
-------------------------+-------+-------++-------
Melee: Trident           |     4 |    13 ||    17
 Cast: Flame Tongue      |    18 |    15 ||    33
       Conjure Flame     |     1 |     1 ||     2
       Sticky Flame      |       |     3 ||     3
       Fireball          |       |     2 ||     2
  Use: Potion            |       |     2 ||     2
  Eat: Fruit             |       |     1 ||     1
       Chunk             |       |     1 ||     1
Dodge: Dodged            |     2 |     8 ||    10
